Golden Knights vs Flyers

Created - 16 octobre 2023 at 21:00

Goals
1 2 3 T
Golden Knights 0 2 2 4
Flyers 0 2 0 2
Shots
1 2 3 T
Golden Knights 12 13 10 35
Flyers 9 12 9 30

GoalsPenalties
1st period
No Goal
No Penalty
2nd period
1. Golden Knights , Mitchell Marner 8 (Daniel Sprong 2) at 1:51
2. Golden Knights , Troy Terry 2 (Michael Bunting 2, Dylan Strome 5) at 2:50
3. Flyers , Rickard Rakell 8 (Bryan Rust 6) at 6:33
4. Flyers , Garnet Hathaway 3 (Patrick Brown 4, Rasmus Ristolainen 3) at 11:04 (PP)
Josh Morrissey (GKV) for Interference (Minor) at 10:01
3rd period
5. Golden Knights , Ian Cole 2 (Dylan Strome 6) at 5:26
6. Golden Knights , Kyle Connor 14 (Mitchell Marner 12, Mika Zibanejad 16) at 14:48 (PP)
Neal Pionk (PHI) for Hooking (Minor) at 2:17
Kyle Connor (GKV) for Interference (Minor) at 9:02
Kirby Dach (GKV) for Roughing (Minor) at 11:31
Garnet Hathaway (PHI) for High sticking (Minor) at 14:32
Rasmus Andersson (PHI) for Holding (Minor) at 18:35
Goalie Stats
Darcy Kuemper (GKV), 28 saves from 30 shots - (0,933), W, 11-4-2, 60:00 minutes
John Gibson (PHI), 31 saves from 35 shots - (0,886), L, 7-9-1, 60:00 minutes
3 StarsOfficial
1 - Mitchell Marner (GKV)
2 - Troy Terry (GKV)
3 - Dylan Strome (GKV)
Referees : Anna Wiegand and Garrett Rank
Linesman : Anna Hammar and Ryan Gibbons
Game Note
No Game Note
Finance
Level 1 -- Attendance: 4940 (82%) -- Ticket Income $464,360
Level 2 -- Attendance: 4586 (92%) -- Ticket Income $252,230
Level 3 -- Attendance: 3850 (85%) -- Ticket Income $92,400
Level 4 -- Attendance: 3215 (80%) -- Ticket Income $64,300
Luxury Box -- Attendance: 901 (90%) -- Ticket Income $174,794
Game was played at the Wachovia Center.
Total Attendance: 17492 (85%)
Total Ticket Income: $1,048,084
Other Income: $314,425
Total Income: $1,362,509



Team Name Goals Shots Shots Attemp Shots Blocked PIM HIT PP PK FO%
Golden Knights 43566106221 / 3 (33%)152%
Flyers 23057136231 / 3 (33%)148%

Golden Knights
Player Name POS G A P +/- PIM HIT SHT SB MP PP MP PP SHT PK MP PK SHT FO% FOT GA TA
Cale MakarD0001030125:031:3702:3400% 000
Chandler StephensonC/LW000-1001116:541:5202:3000% 001
Charlie McAvoyD0000020222:232:0202:2700% 000
Daniel SprongLW/RW011000208:240:0000:2000% 000
Dylan StromeC/LW0222014014:260:1900:53075% 401
Ian ColeD1011021113:370:0001:0300% 001
Jaccob SlavinD0001000025:031:3702:3400% 000
Jani HakanpaaD0001021012:340:0000:0000% 002
Josh MorrisseyD0000214021:192:0211:2400% 000
Kirby DachC/RW000020308:230:1900:00033% 301
Kyle ConnorLW1011211120:381:2811:410100% 111
Michael BuntingLW0112011013:140:0000:0000% 000
Mika ZibanejadC0111033121:281:2802:30055% 3101
Mitchell MarnerRW1121017018:581:2800:000100% 102
Nick SuzukiC/RW000-1020114:231:5200:00033% 310
Patrice BergeronC/LW000-1012114:530:1902:08033% 900
Sam SteelC/LW000001108:040:0000:0000% 000
Troy TerryRW1012014115:121:5200:0000% 000
Flyers
Player Name POS G A P +/- PIM HIT SHT SB MP PP MP PP SHT PK MP PK SHT FO% FOT GA TA
Alex ChiassonRW000000104:090:0000:0000% 100
Anthony BeauvillierLW/RW0000034120:592:4210:450100% 110
Bryan RustLW/RW0110024019:451:5900:0000% 001
Drew DoughtyD0000033022:191:3500:1300% 000
Garnet HathawayLW/RW101-2223116:100:4312:120100% 100
Jacob MiddletonD000-2010517:320:0001:1400% 000
Mattias JanmarkLW/RW000-2001013:580:0000:4200% 011
Mikael GranlundC/RW0000021020:291:5900:42060% 1510
Neal PionkD0000202017:382:2300:1000% 010
Patrick BrownC/RW011-2021216:530:2002:28067% 910
Peter AbbandonatoC000000000:590:0000:0000% 000
Quinn HughesD000-2001021:093:2101:5600% 000
Rasmus AnderssonD0000223123:452:2301:3300% 020
Rasmus RistolainenD0110000116:500:2002:1200% 000
Rickard RakellLW/RW1010003019:451:5910:0000% 310
Sean MonahanC/LW/RW0000032121:172:4210:29036% 2210
Tanner PearsonLW0000011119:360:4000:0000% 010
Victor OlofssonLW/RW000002003:051:5900:0000% 000

Golden Knights

5 vs 5 Forward
Line #Left WingCenterRight WingPHYDFOFWanted %Time %Time Play
1Kyle ConnorMika ZibanejadMitchell Marner1224234%17:30
2Chandler StephensonPatrice BergeronNick Suzuki1223224%12:32
3Michael BuntingDylan StromeTroy Terry1222426%13:14
4Sam SteelKirby DachDaniel Sprong122216%8:04
5 vs 5 Defense
Line #DefenseDefensePHYDFOFWanted %Time %Time Play
1Cale MakarJaccob Slavin1224040%20:22
2Charlie McAvoyJosh Morrissey1224035%17:54
3Ian ColeJani Hakanpaa1222024%12:34
4Cale MakarJaccob Slavin12201%0:30
Power Play Forward
Line #Left WingCenterRight WingPHYDFOFWanted %Time %Time Play
1Kyle ConnorMika ZibanejadMitchell Marner0146540%1:28
2Chandler StephensonNick SuzukiTroy Terry0143560%2:11
Power Play Defense
Line #DefenseDefensePHYDFOFWanted %Time %Time Play
1Cale MakarJaccob Slavin1136044%1:37
2Charlie McAvoyJosh Morrissey1134056%2:02
Penalty Kill 4 Players Forward
Line #CenterWingPHYDFOFWanted %Time %Time Play
1Mika ZibanejadKyle Connor1405057%2:53
2Patrice BergeronChandler Stephenson0415043%2:08
Penalty Kill 4 Players Defense
Line #DefenseDefensePHYDFOFWanted %Time %Time Play
1Cale MakarJaccob Slavin1406051%2:34
2Charlie McAvoyJosh Morrissey1404049%2:27
Penalty Kill 3 Players
Line #WingPHYDFOFWanted %Time %Time PlayDefenseDefensePHYDFOFWanted %Time %Time Play
1Mika Zibanejad140600%0:00 Cale MakarJaccob Slavin140600%0:00
2Patrice Bergeron140400%0:00 Charlie McAvoyJosh Morrissey140400%0:00
4 vs 4 Forward
Line #CenterWingPHYDFOFWanted %Time %Time Play
1Mika ZibanejadKyle Connor122600%0:00
2Patrice BergeronChandler Stephenson122400%0:00
4 vs 4 Defense
Line #DefensePHYDFOFWanted %Time %Time Play
1Cale MakarJaccob Slavin122600%0:00
2Charlie McAvoyJosh Morrissey122400%0:00
Last Minutes Offensive
Left WingCenterRight WingDefenseDefense
Kyle ConnorMika ZibanejadMitchell MarnerCale MakarJaccob Slavin
Last Minutes Defensive
Left WingCenterRight WingDefenseDefense
Kyle ConnorMika ZibanejadMitchell MarnerCale MakarJaccob Slavin
Time
Total ForwardTotal DefenseLast Minutes OffensiveLast Minutes Defensive
60:00 60:00 0:000:00
Extra Forwards
Normal PowerPlayPenalty Kill
Chandler Stephenson, Nick Suzuki, Troy TerryChandler Stephenson, Nick SuzukiChandler Stephenson
Extra Defensemen
Normal PowerPlayPenalty Kill
Josh Morrissey, Ian Cole, Jani HakanpaaJosh Morrissey, Josh MorrisseyIan Cole
Penalty Shots
Mika Zibanejad, Mitchell Marner, Nick Suzuki, Kyle Connor, Chandler Stephenson
Goalie
Darcy Kuemper, Kevin Lankinen
Scratches
None

Flyers

5 vs 5 Forward
Line #Left WingCenterRight WingPHYDFOFWanted %Time %Time Play
1Bryan RustMikael GranlundRickard Rakell0143735%18:02
2Anthony BeauvillierSean MonahanTanner Pearson0233534%17:24
3Mattias JanmarkPatrick BrownGarnet Hathaway1312326%13:16
4Tanner PearsonPatrick BrownAlex Chiasson14055%2:38
5 vs 5 Defense
Line #DefenseDefensePHYDFOFWanted %Time %Time Play
1Rasmus AnderssonDrew Doughty1223538%19:34
2Quinn HughesJacob Middleton1223534%17:12
3Neal PionkRasmus Ristolainen1223028%14:18
4Rasmus AnderssonQuinn Hughes12201%0:16
Power Play Forward
Line #Left WingCenterRight WingPHYDFOFWanted %Time %Time Play
1Rickard RakellMikael GranlundVictor Olofsson0146040%1:59
2Bryan RustSean MonahanAnthony Beauvillier1134060%3:02
Power Play Defense
Line #DefenseDefensePHYDFOFWanted %Time %Time Play
1Rasmus AnderssonQuinn Hughes0146067%3:21
2Neal PionkDrew Doughty1134033%1:40
Penalty Kill 4 Players Forward
Line #CenterWingPHYDFOFWanted %Time %Time Play
1Patrick BrownGarnet Hathaway1406081%2:57
2Mikael GranlundMattias Janmark1404019%0:42
Penalty Kill 4 Players Defense
Line #DefenseDefensePHYDFOFWanted %Time %Time Play
1Rasmus AnderssonJacob Middleton1316047%1:43
2Rasmus RistolainenQuinn Hughes1314053%1:56
Penalty Kill 3 Players
Line #WingPHYDFOFWanted %Time %Time PlayDefenseDefensePHYDFOFWanted %Time %Time Play
1Garnet Hathaway140600%0:00 Rasmus AnderssonJacob Middleton131600%0:00
2Mattias Janmark140400%0:00 Drew DoughtyRasmus Ristolainen131400%0:00
4 vs 4 Forward
Line #CenterWingPHYDFOFWanted %Time %Time Play
1Mikael GranlundRickard Rakell122500%0:00
2Sean MonahanVictor Olofsson122500%0:00
4 vs 4 Defense
Line #DefensePHYDFOFWanted %Time %Time Play
1Rasmus AnderssonDrew Doughty122500%0:00
2Quinn HughesRasmus Ristolainen122500%0:00
Last Minutes Offensive
Left WingCenterRight WingDefenseDefense
Tanner PearsonRickard RakellVictor OlofssonRasmus AnderssonQuinn Hughes
Last Minutes Defensive
Left WingCenterRight WingDefenseDefense
Mattias JanmarkBryan RustGarnet HathawayQuinn HughesJacob Middleton
Time
Total ForwardTotal DefenseLast Minutes OffensiveLast Minutes Defensive
60:00 60:00 0:000:00
Extra Forwards
Normal PowerPlayPenalty Kill
Anthony Beauvillier, Tanner Pearson, Alex ChiassonAnthony Beauvillier, Tanner PearsonPatrick Brown
Extra Defensemen
Normal PowerPlayPenalty Kill
Rasmus Ristolainen, Neal Pionk, Jacob MiddletonNeal Pionk, Rasmus AnderssonNeal Pionk
Penalty Shots
Rickard Rakell, Victor Olofsson, Bryan Rust, Anthony Beauvillier, Garnet Hathaway
Goalie
John Gibson, Felix Sandstrom
Scratches
None


Play-by-Play

1st period


0:01 of 1st period - Mikael Granlund wins face-off versus Mika Zibanejad in neutral zone.
0:16 of 1st period - Slapshot by Bryan Rust.
0:16 of 1st period - Shot Blocked by Kyle Connor.
0:52 of 1st period - Snap shot by Cale Makar.
0:52 of 1st period - Shot Blocked by Patrick Brown.
1:00 of 1st period - Snap shot by Troy Terry.
1:00 of 1st period - Deflect By Dylan Strome.
1:00 of 1st period - Shot Misses the Net.
1:00 of 1st period - Puck is out of play.
1:01 of 1st period - Mika Zibanejad wins face-off versus Rickard Rakell in Flyers zone.
1:02 of 1st period - Slapshot by Mitchell Marner.
1:02 of 1st period - Shot Misses the Net.
1:04 of 1st period - Wrist shot by Mitchell Marner.
1:04 of 1st period - Stopped by John Gibson without a rebound.
1:05 of 1st period - Mikael Granlund wins face-off versus Mika Zibanejad in Flyers zone.
1:38 of 1st period - Wrist shot by Patrice Bergeron.
1:38 of 1st period - Stopped by John Gibson without a rebound.
1:39 of 1st period - Dylan Strome wins face-off versus Patrick Brown in Flyers zone.
1:44 of 1st period - Slapshot by Troy Terry.
1:44 of 1st period - Deflect By Garnet Hathaway.
1:44 of 1st period - Shot Misses the Net.
1:44 of 1st period - Puck is out of play.
1:45 of 1st period - Patrick Brown wins face-off versus Dylan Strome in Flyers zone.
1:52 of 1st period - Drew Doughty is hit by Jani Hakanpaa and loses puck.
2:25 of 1st period - Ian Cole is hit by Garnet Hathaway and loses puck.
2:30 of 1st period - Slapshot by Rasmus Andersson.
2:30 of 1st period - Stopped by Darcy Kuemper with a rebound.
3:37 of 1st period - Slapshot by Rasmus Andersson.
3:37 of 1st period - Deflect By Ian Cole.
3:37 of 1st period - Stopped by Darcy Kuemper with a rebound.
3:39 of 1st period - Snap shot by Rasmus Andersson.
3:39 of 1st period - Shot Blocked by Troy Terry.
4:07 of 1st period - Snap shot by Michael Bunting.
4:07 of 1st period - Shot Misses the Net.
4:37 of 1st period - Wrist shot by Mattias Janmark.
4:37 of 1st period - Shot Misses the Net.
4:39 of 1st period - Wrist shot by Rasmus Andersson.
4:39 of 1st period - Stopped by Darcy Kuemper without a rebound.
4:40 of 1st period - Mika Zibanejad wins face-off versus Sean Monahan in Golden Knights zone.
5:07 of 1st period - Charlie McAvoy is hit by Jacob Middleton.
5:15 of 1st period - Snap shot by Patrice Bergeron.
5:15 of 1st period - Deflect By Mikael Granlund.
5:15 of 1st period - Stopped by John Gibson with a rebound.
6:05 of 1st period - Wrist shot by Mika Zibanejad.
6:05 of 1st period - Stopped by John Gibson with a rebound.
6:07 of 1st period - Snap shot by Kyle Connor.
6:07 of 1st period - Shot Misses the Net.
6:11 of 1st period - Snap shot by Mitchell Marner.
6:11 of 1st period - Shot Blocked by Anthony Beauvillier.
7:27 of 1st period - Cale Makar is hit by Victor Olofsson and loses puck.
7:34 of 1st period - Wrist shot by Victor Olofsson.
7:34 of 1st period - Deflect By Alex Chiasson.
7:34 of 1st period - Stopped by Darcy Kuemper with a rebound.
7:36 of 1st period - Slapshot by Tanner Pearson.
7:36 of 1st period - Shot Misses the Net.
7:38 of 1st period - Slapshot by Bryan Rust.
7:38 of 1st period - Stopped by Darcy Kuemper without a rebound.
7:39 of 1st period - Mika Zibanejad wins face-off versus Mikael Granlund in Golden Knights zone.
7:44 of 1st period - Bryan Rust is hit by Mika Zibanejad and loses puck.
7:55 of 1st period - Slapshot by Mika Zibanejad.
7:55 of 1st period - Shot Blocked by Jacob Middleton.
8:19 of 1st period - Anthony Beauvillier is hit by Charlie McAvoy and loses puck.
8:50 of 1st period - Cale Makar is hit by Victor Olofsson and loses puck.
9:28 of 1st period - Tanner Pearson is hit by Jani Hakanpaa and loses puck.
10:32 of 1st period - Drew Doughty is hit by Charlie McAvoy and loses puck.
10:43 of 1st period - Josh Morrissey is hit by Sean Monahan and loses puck.
10:54 of 1st period - Slapshot by Garnet Hathaway.
10:54 of 1st period - Stopped by Darcy Kuemper with a rebound.
10:56 of 1st period - Snap shot by Sean Monahan.
10:56 of 1st period - Stopped by Darcy Kuemper without a rebound.
10:57 of 1st period - Mika Zibanejad wins face-off versus Rickard Rakell in Golden Knights zone.
11:02 of 1st period - Slapshot by Mitchell Marner.
11:02 of 1st period - Stopped by John Gibson without a rebound.
11:03 of 1st period - Mikael Granlund wins face-off versus Mika Zibanejad in Flyers zone.
11:29 of 1st period - Jacob Middleton is hit by Cale Makar and loses puck.
13:02 of 1st period - Snap shot by Charlie McAvoy.
13:02 of 1st period - Deflect By Daniel Sprong.
13:02 of 1st period - Stopped by John Gibson with a rebound.
13:49 of 1st period - Slapshot by Troy Terry.
13:49 of 1st period - Stopped by John Gibson with a rebound.
13:51 of 1st period - Slapshot by Jani Hakanpaa.
13:51 of 1st period - Shot Misses the Net.
13:53 of 1st period - Snap shot by Dylan Strome.
13:53 of 1st period - Deflect By Quinn Hughes.
13:53 of 1st period - Stopped by John Gibson with a rebound.
13:55 of 1st period - Wrist shot by Michael Bunting.
13:55 of 1st period - Shot Blocked by Jacob Middleton.
14:23 of 1st period - Snap shot by Chandler Stephenson.
14:23 of 1st period - Deflect By Rasmus Ristolainen.
14:23 of 1st period - Shot Misses the Net.
14:23 of 1st period - Puck is out of play.
14:24 of 1st period - Patrick Brown wins face-off versus Patrice Bergeron in Flyers zone.
14:50 of 1st period - Patrick Brown is hit by Mika Zibanejad and loses puck.
15:33 of 1st period - Tanner Pearson is hit by Nick Suzuki and loses puck.
15:44 of 1st period - Slapshot by Quinn Hughes.
15:44 of 1st period - Shot Misses the Net.
16:00 of 1st period - Slapshot by Mika Zibanejad.
16:00 of 1st period - Shot Misses the Net.
17:57 of 1st period - Wrist shot by Daniel Sprong.
17:57 of 1st period - Stopped by John Gibson with a rebound.
18:37 of 1st period - Nick Suzuki is hit by Anthony Beauvillier and loses puck.
19:26 of 1st period - Snap shot by Mitchell Marner.
19:26 of 1st period - Stopped by John Gibson without a rebound.
19:27 of 1st period - Dylan Strome wins face-off versus Alex Chiasson in Flyers zone.
19:34 of 1st period - Off-side.
19:35 of 1st period - Mika Zibanejad wins face-off versus Mikael Granlund in neutral zone.
19:38 of 1st period - Slapshot by Josh Morrissey.
19:38 of 1st period - Stopped by John Gibson with a rebound.
19:40 of 1st period - Slapshot by Josh Morrissey.
19:40 of 1st period - Stopped by John Gibson without a rebound.
19:41 of 1st period - Mikael Granlund wins face-off versus Mika Zibanejad in Flyers zone.
19:54 of 1st period - Wrist shot by Bryan Rust.
19:54 of 1st period - Stopped by Darcy Kuemper with a rebound.
19:56 of 1st period - Snap shot by Rickard Rakell.
19:56 of 1st period - Shot Blocked by Mika Zibanejad.
19:58 of 1st period - Wrist shot by Rickard Rakell.
19:58 of 1st period - Stopped by Darcy Kuemper with a rebound.
Goals for this period are 0 for Golden Knights vs 0 for Flyers.
Shots for this period are 12 for Golden Knights vs 9 for Flyers.

2nd period


0:01 of 2nd period - Mika Zibanejad wins face-off versus Sean Monahan in neutral zone.
0:04 of 2nd period - Slapshot by Josh Morrissey.
0:04 of 2nd period - Shot Misses the Net.
0:06 of 2nd period - Snap shot by Kyle Connor.
0:06 of 2nd period - Shot Misses the Net.
0:10 of 2nd period - Slapshot by Mitchell Marner.
0:10 of 2nd period - Stopped by John Gibson with a rebound.
0:26 of 2nd period - Patrice Bergeron is hit by Mikael Granlund and loses puck.
0:37 of 2nd period - Snap shot by Bryan Rust.
0:37 of 2nd period - Stopped by Darcy Kuemper without a rebound.
0:38 of 2nd period - Sean Monahan wins face-off versus Mika Zibanejad in Golden Knights zone.
1:15 of 2nd period - Wrist shot by Mikael Granlund.
1:15 of 2nd period - Shot Hit the Post.
1:17 of 2nd period - Snap shot by Rickard Rakell.
1:17 of 2nd period - Shot Blocked by Nick Suzuki.
1:49 of 2nd period - Snap shot by Mitchell Marner.
1:49 of 2nd period - Stopped by John Gibson with a rebound.
1:51 of 2nd period - Slapshot by Mitchell Marner.
1:51 of 2nd period - Goal by Mitchell Marner - Golden Knights : 1 - Flyers : 0.
1:52 of 2nd period - Sean Monahan wins face-off versus Mika Zibanejad in neutral zone.
2:01 of 2nd period - Wrist shot by Anthony Beauvillier.
2:01 of 2nd period - Shot Misses the Net.
2:03 of 2nd period - Slapshot by Neal Pionk.
2:03 of 2nd period - Stopped by Darcy Kuemper with a rebound.
2:28 of 2nd period - Snap shot by Dylan Strome.
2:28 of 2nd period - Deflect By Michael Bunting.
2:28 of 2nd period - Shot Blocked by Rasmus Ristolainen.
2:28 of 2nd period - Puck is out of play.
2:29 of 2nd period - Dylan Strome wins face-off versus Rickard Rakell in Flyers zone.
2:38 of 2nd period - Wrist shot by Dylan Strome.
2:38 of 2nd period - Stopped by John Gibson with a rebound.
2:44 of 2nd period - Snap shot by Dylan Strome.
2:44 of 2nd period - Stopped by John Gibson with a rebound.
2:46 of 2nd period - Slapshot by Troy Terry.
2:46 of 2nd period - Shot Misses the Net.
2:48 of 2nd period - Wrist shot by Michael Bunting.
2:48 of 2nd period - Shot Hit the Post.
2:50 of 2nd period - Wrist shot by Troy Terry.
2:50 of 2nd period - Goal by Troy Terry - Golden Knights : 2 - Flyers : 0.
2:51 of 2nd period - Mika Zibanejad wins face-off versus Sean Monahan in neutral zone.
3:03 of 2nd period - Wrist shot by Mika Zibanejad.
3:03 of 2nd period - Shot Misses the Net.
3:05 of 2nd period - Slapshot by Mika Zibanejad.
3:05 of 2nd period - Stopped by John Gibson with a rebound.
3:17 of 2nd period - Rasmus Ristolainen is hit by Troy Terry and loses puck.
3:30 of 2nd period - Wrist shot by Drew Doughty.
3:30 of 2nd period - Stopped by Darcy Kuemper with a rebound.
3:32 of 2nd period - Snap shot by Drew Doughty.
3:32 of 2nd period - Stopped by Darcy Kuemper without a rebound.
3:33 of 2nd period - Mika Zibanejad wins face-off versus Mikael Granlund in Golden Knights zone.
4:03 of 2nd period - Cale Makar is hit by Patrick Brown and loses puck.
4:22 of 2nd period - Tanner Pearson is hit by Dylan Strome and loses puck.
4:33 of 2nd period - Wrist shot by Troy Terry.
4:33 of 2nd period - Stopped by John Gibson with a rebound.
4:35 of 2nd period - Snap shot by Troy Terry.
4:35 of 2nd period - Shot Blocked by Rasmus Andersson.
5:14 of 2nd period - Garnet Hathaway is hit by Mika Zibanejad and loses puck.
5:33 of 2nd period - Snap shot by Mattias Janmark.
5:33 of 2nd period - Shot Misses the Net.
5:51 of 2nd period - Snap shot by Kirby Dach.
5:51 of 2nd period - Stopped by John Gibson without a rebound.
5:52 of 2nd period - Kirby Dach wins face-off versus Sean Monahan in Flyers zone.
5:57 of 2nd period - Slapshot by Daniel Sprong.
5:57 of 2nd period - Shot Blocked by Jacob Middleton.
5:59 of 2nd period - Snap shot by Sam Steel.
5:59 of 2nd period - Stopped by John Gibson without a rebound.
6:00 of 2nd period - Sean Monahan wins face-off versus Mika Zibanejad in Flyers zone.
6:00 of 2nd period - Sean Monahan is hit by Ian Cole.
6:12 of 2nd period - Slapshot by Quinn Hughes.
6:12 of 2nd period - Shot Blocked by Ian Cole.
6:14 of 2nd period - Snap shot by Anthony Beauvillier.
6:14 of 2nd period - Stopped by Darcy Kuemper with a rebound.
6:16 of 2nd period - Snap shot by Tanner Pearson.
6:16 of 2nd period - Stopped by Darcy Kuemper without a rebound.
6:17 of 2nd period - Patrice Bergeron wins face-off versus Mikael Granlund in Golden Knights zone.
6:17 of 2nd period - Patrice Bergeron is hit by Drew Doughty.
6:33 of 2nd period - Slapshot by Rickard Rakell.
6:33 of 2nd period - Goal by Rickard Rakell - Golden Knights : 2 - Flyers : 1.
6:34 of 2nd period - Mika Zibanejad wins face-off versus Sean Monahan in neutral zone.
6:37 of 2nd period - Slapshot by Charlie McAvoy.
6:37 of 2nd period - Shot Blocked by Jacob Middleton.
6:47 of 2nd period - Kyle Connor is hit by Anthony Beauvillier.
7:10 of 2nd period - Off-side.
7:11 of 2nd period - Mikael Granlund wins face-off versus Patrice Bergeron in neutral zone.
8:06 of 2nd period - Mikael Granlund is hit by Cale Makar and loses puck.
8:45 of 2nd period - Drew Doughty is hit by Michael Bunting and loses puck.
9:12 of 2nd period - Jaccob Slavin is hit by Drew Doughty and loses puck.
9:52 of 2nd period - Snap shot by Rickard Rakell.
9:52 of 2nd period - Shot Blocked by Cale Makar.
9:54 of 2nd period - Slapshot by Drew Doughty.
9:54 of 2nd period - Stopped by Darcy Kuemper without a rebound.
9:55 of 2nd period - Sean Monahan wins face-off versus Mika Zibanejad in Golden Knights zone.
10:01 of 2nd period - Minor Penalty to Josh Morrissey for Interference.
10:02 of 2nd period - Sean Monahan wins face-off versus Mika Zibanejad in Golden Knights zone.
10:28 of 2nd period - Neal Pionk is hit by Patrice Bergeron and loses puck.
10:54 of 2nd period - Icing by Rasmus Ristolainen.
10:55 of 2nd period - Patrick Brown wins face-off versus Mika Zibanejad in Flyers zone.
11:02 of 2nd period - Slapshot by Garnet Hathaway.
11:02 of 2nd period - Shot Misses the Net.
11:04 of 2nd period - Snap shot by Patrick Brown.
11:04 of 2nd period - Deflect By Garnet Hathaway.
11:04 of 2nd period - Goal by Garnet Hathaway - Golden Knights : 2 - Flyers : 2.
11:05 of 2nd period - Mika Zibanejad wins face-off versus Sean Monahan in neutral zone.
11:34 of 2nd period - Icing by Jacob Middleton.
11:35 of 2nd period - Garnet Hathaway wins face-off versus Patrice Bergeron in Flyers zone.
11:54 of 2nd period - Snap shot by Garnet Hathaway.
11:54 of 2nd period - Shot Misses the Net.
11:56 of 2nd period - Snap shot by Neal Pionk.
11:56 of 2nd period - Stopped by Darcy Kuemper with a rebound.
11:58 of 2nd period - Snap shot by Garnet Hathaway.
11:58 of 2nd period - Shot Misses the Net.
12:00 of 2nd period - Slapshot by Mattias Janmark.
12:00 of 2nd period - Shot Misses the Net.
12:02 of 2nd period - Slapshot by Rasmus Ristolainen.
12:02 of 2nd period - Shot Blocked by Patrice Bergeron.
12:04 of 2nd period - Wrist shot by Garnet Hathaway.
12:04 of 2nd period - Stopped by Darcy Kuemper without a rebound.
12:05 of 2nd period - Sean Monahan wins face-off versus Mika Zibanejad in Golden Knights zone.
12:08 of 2nd period - Wrist shot by Anthony Beauvillier.
12:08 of 2nd period - Shot Misses the Net.
12:16 of 2nd period - Sean Monahan is hit by Mitchell Marner and loses puck.
13:20 of 2nd period - Icing by Tanner Pearson.
13:21 of 2nd period - Anthony Beauvillier wins face-off versus Mika Zibanejad in Flyers zone.
13:26 of 2nd period - Snap shot by Mitchell Marner.
13:26 of 2nd period - Shot Misses the Net.
13:38 of 2nd period - Slapshot by Quinn Hughes.
13:38 of 2nd period - Stopped by Darcy Kuemper without a rebound.
13:39 of 2nd period - Patrice Bergeron wins face-off versus Mikael Granlund in Golden Knights zone.
14:10 of 2nd period - Snap shot by Anthony Beauvillier.
14:10 of 2nd period - Shot Misses the Net.
14:40 of 2nd period - Charlie McAvoy is hit by Rasmus Andersson and loses puck.
15:16 of 2nd period - Nick Suzuki is hit by Bryan Rust and loses puck.
15:38 of 2nd period - Slapshot by Nick Suzuki.
15:38 of 2nd period - Deflect By Chandler Stephenson.
15:38 of 2nd period - Stopped by John Gibson without a rebound.
15:39 of 2nd period - Mika Zibanejad wins face-off versus Sean Monahan in Flyers zone.
15:42 of 2nd period - Snap shot by Mika Zibanejad.
15:42 of 2nd period - Shot Blocked by Sean Monahan.
16:05 of 2nd period - Troy Terry is hit by Garnet Hathaway.
16:35 of 2nd period - Kyle Connor is hit by Sean Monahan and loses puck.
16:57 of 2nd period - Jani Hakanpaa is hit by Mikael Granlund.
18:01 of 2nd period - Garnet Hathaway is hit by Ian Cole and loses puck.
18:06 of 2nd period - Snap shot by Troy Terry.
18:06 of 2nd period - Shot Blocked by Garnet Hathaway.
18:16 of 2nd period - Drew Doughty is hit by Kyle Connor and loses puck.
18:21 of 2nd period - Wrist shot by Mitchell Marner.
18:21 of 2nd period - Stopped by John Gibson with a rebound.
18:23 of 2nd period - Wrist shot by Mika Zibanejad.
18:23 of 2nd period - Stopped by John Gibson with a rebound.
18:39 of 2nd period - Icing by Daniel Sprong.
18:40 of 2nd period - Mikael Granlund wins face-off versus Kirby Dach in Golden Knights zone.
19:14 of 2nd period - Kirby Dach is hit by Bryan Rust and loses puck.
Goals for this period are 2 for Golden Knights vs 2 for Flyers.
Shots for this period are 13 for Golden Knights vs 12 for Flyers.

3rd period


0:01 of 3rd period - Kyle Connor wins face-off versus Sean Monahan in neutral zone.
0:27 of 3rd period - Sean Monahan is hit by Josh Morrissey and loses puck.
0:58 of 3rd period - Snap shot by Mikael Granlund.
0:58 of 3rd period - Shot Blocked by Chandler Stephenson.
1:36 of 3rd period - Snap shot by Sam Steel.
1:36 of 3rd period - Shot Misses the Net.
1:54 of 3rd period - Slapshot by Josh Morrissey.
1:54 of 3rd period - Stopped by John Gibson without a rebound.
1:55 of 3rd period - Mikael Granlund wins face-off versus Patrice Bergeron in Flyers zone.
1:55 of 3rd period - Mikael Granlund is hit by Nick Suzuki.
2:17 of 3rd period - Minor Penalty to Neal Pionk for Hooking.
2:18 of 3rd period - Patrick Brown wins face-off versus Mika Zibanejad in Flyers zone.
2:27 of 3rd period - Kyle Connor is hit by Patrick Brown and loses puck.
3:41 of 3rd period - Charlie McAvoy is hit by Anthony Beauvillier and loses puck.
3:48 of 3rd period - Cale Makar is hit by Rasmus Andersson.
4:17 of 3rd period - Penalty to Neal Pionk is over, Neal Pionk is back on ice.
4:33 of 3rd period - Wrist shot by Anthony Beauvillier.
4:33 of 3rd period - Deflect By Daniel Sprong.
4:33 of 3rd period - Shot Misses the Net.
4:33 of 3rd period - Puck is out of play.
4:34 of 3rd period - Sean Monahan wins face-off versus Kirby Dach in Golden Knights zone.
5:07 of 3rd period - Wrist shot by Mikael Granlund.
5:07 of 3rd period - Shot Blocked by Charlie McAvoy.
5:24 of 3rd period - Slapshot by Ian Cole.
5:24 of 3rd period - Shot Blocked by Jacob Middleton.
5:26 of 3rd period - Slapshot by Ian Cole.
5:26 of 3rd period - Goal by Ian Cole - Golden Knights : 3 - Flyers : 2.
5:27 of 3rd period - Mika Zibanejad wins face-off versus Sean Monahan in neutral zone.
5:40 of 3rd period - Anthony Beauvillier is hit by Cale Makar and loses puck.
6:21 of 3rd period - Backhand shot by Rickard Rakell.
6:21 of 3rd period - Shot Misses the Net.
6:23 of 3rd period - Snap shot by Mikael Granlund.
6:23 of 3rd period - Shot Misses the Net.
6:25 of 3rd period - Slapshot by Mikael Granlund.
6:25 of 3rd period - Stopped by Darcy Kuemper with a rebound.
6:46 of 3rd period - Snap shot by Kirby Dach.
6:46 of 3rd period - Stopped by John Gibson without a rebound.
6:47 of 3rd period - Mitchell Marner wins face-off versus Sean Monahan in Flyers zone.
7:10 of 3rd period - Icing by Jani Hakanpaa.
7:11 of 3rd period - Mikael Granlund wins face-off versus Patrice Bergeron in Golden Knights zone.
8:03 of 3rd period - Slapshot by Michael Bunting.
8:03 of 3rd period - Deflect By Dylan Strome.
8:03 of 3rd period - Stopped by John Gibson with a rebound.
8:05 of 3rd period - Snap shot by Troy Terry.
8:05 of 3rd period - Stopped by John Gibson with a rebound.
8:07 of 3rd period - Slapshot by Cale Makar.
8:07 of 3rd period - Shot Blocked by Patrick Brown.
8:09 of 3rd period - Wrist shot by Michael Bunting.
8:09 of 3rd period - Stopped by John Gibson with a rebound.
8:27 of 3rd period - Rasmus Ristolainen is hit by Sam Steel and loses puck.
8:32 of 3rd period - Wrist shot by Kirby Dach.
8:32 of 3rd period - Stopped by John Gibson with a rebound.
8:59 of 3rd period - Snap shot by Bryan Rust.
8:59 of 3rd period - Stopped by Darcy Kuemper without a rebound.
9:00 of 3rd period - Mika Zibanejad wins face-off versus Sean Monahan in Golden Knights zone.
9:02 of 3rd period - Minor Penalty to Kyle Connor for Interference.
9:03 of 3rd period - Mikael Granlund wins face-off versus Patrice Bergeron in Golden Knights zone.
9:03 of 3rd period - Wrist shot by Rickard Rakell.
9:03 of 3rd period - Stopped by Darcy Kuemper with a rebound.
9:05 of 3rd period - Snap shot by Mikael Granlund.
9:05 of 3rd period - Deflect By Rickard Rakell.
9:05 of 3rd period - Shot Misses the Net.
9:05 of 3rd period - Puck is out of play.
9:06 of 3rd period - Patrice Bergeron wins face-off versus Mikael Granlund in Golden Knights zone.
10:56 of 3rd period - Dylan Strome is hit by Drew Doughty and loses puck.
11:02 of 3rd period - Penalty to Kyle Connor is over, Kyle Connor is back on ice.
11:21 of 3rd period - Wrist shot by Mattias Janmark.
11:21 of 3rd period - Stopped by Darcy Kuemper with a rebound.
11:23 of 3rd period - Slapshot by Jacob Middleton.
11:23 of 3rd period - Shot Blocked by Charlie McAvoy.
11:25 of 3rd period - Snap shot by Patrick Brown.
11:25 of 3rd period - Stopped by Darcy Kuemper with a rebound.
11:31 of 3rd period - Minor Penalty to Kirby Dach for Roughing.
11:32 of 3rd period - Sean Monahan wins face-off versus Mika Zibanejad in Golden Knights zone.
11:35 of 3rd period - Snap shot by Anthony Beauvillier.
11:35 of 3rd period - Stopped by Darcy Kuemper with a rebound.
11:37 of 3rd period - Snap shot by Sean Monahan.
11:37 of 3rd period - Stopped by Darcy Kuemper without a rebound.
11:38 of 3rd period - Mika Zibanejad wins face-off versus Sean Monahan in Golden Knights zone.
11:38 of 3rd period - Mika Zibanejad is hit by Sean Monahan.
12:14 of 3rd period - Slapshot by Victor Olofsson.
12:14 of 3rd period - Shot Misses the Net.
13:31 of 3rd period - Penalty to Kirby Dach is over, Kirby Dach is back on ice.
13:44 of 3rd period - Backhand shot by Michael Bunting.
13:44 of 3rd period - Shot Misses the Net.
13:46 of 3rd period - Slapshot by Jani Hakanpaa.
13:46 of 3rd period - Stopped by John Gibson with a rebound.
13:48 of 3rd period - Slapshot by Jani Hakanpaa.
13:48 of 3rd period - Shot Blocked by Tanner Pearson.
14:32 of 3rd period - Minor Penalty to Garnet Hathaway for High sticking.
14:33 of 3rd period - Mika Zibanejad wins face-off versus Patrick Brown in Flyers zone.
14:48 of 3rd period - Snap shot by Kyle Connor.
14:48 of 3rd period - Goal by Kyle Connor - Golden Knights : 4 - Flyers : 2.
14:49 of 3rd period - Mika Zibanejad wins face-off versus Sean Monahan in neutral zone.
14:54 of 3rd period - Slapshot by Anthony Beauvillier.
14:54 of 3rd period - Stopped by Darcy Kuemper without a rebound.
14:55 of 3rd period - Mika Zibanejad wins face-off versus Sean Monahan in Golden Knights zone.
15:44 of 3rd period - Slapshot by Anthony Beauvillier.
15:44 of 3rd period - Stopped by Darcy Kuemper with a rebound.
16:29 of 3rd period - Kyle Connor is hit by Tanner Pearson and loses puck.
17:40 of 3rd period - Snap shot by Mika Zibanejad.
17:40 of 3rd period - Shot Misses the Net.
18:35 of 3rd period - Minor Penalty to Rasmus Andersson for Holding.
18:36 of 3rd period - Nick Suzuki wins face-off versus Patrick Brown in Flyers zone.
18:48 of 3rd period - Slapshot by Chandler Stephenson.
18:48 of 3rd period - Shot Misses the Net.
18:50 of 3rd period - Snap shot by Josh Morrissey.
18:50 of 3rd period - Stopped by John Gibson without a rebound.
18:51 of 3rd period - Patrick Brown wins face-off versus Nick Suzuki in Flyers zone.
19:01 of 3rd period - Off-side.
19:02 of 3rd period - Patrick Brown wins face-off versus Nick Suzuki in neutral zone.
Goals for this period are 2 for Golden Knights vs 0 for Flyers.
Shots for this period are 10 for Golden Knights vs 9 for Flyers.